 Dungeon Crawl Stone Soup version 0.17.0-28-g6e173f8 (webtiles) character file.

3951 rgaf the Quickloader (level 10, -2/89 HPs)
             Began as a Minotaur Hunter on Nov 30, 2015.
             Slain by a troll (9 damage)
             ... on level 9 of the Dungeon.
             The game lasted 00:13:25 (8531 turns).

rgaf the Quickloader (Minotaur Hunter)              Turns: 8531, Time: 00:13:26

Health: -2/89      AC:  9    Str: 20    XL:     10   Next: 2%
Magic:  9/9        EV: 12    Int:  8    God:
Gold:   366        SH:  0    Dex: 11    Spells: 0 memorised, 9 levels left

rFire  + . .     SeeInvis .     a - +2 long sword (holy)
rCold  . . .     Clarity  .     B - +3 leather armour "Yscherew" {rN+ Stlth+}
rNeg   + . .     SustAt   .     (no shield)
rPois  .         Gourm    +     (helmet restricted)
rElec  .         Spirit   .     r - +1 cloak
rCorr  .         Warding  .     p - +0 pair of gloves (curse)
rMut   .         Stasis   .     (no boots)
MR     .....                    m - amulet of the gourmand
Stlth  ++........               (no ring)
                                g - ring of protection from fire

@: not resistant to hostile enchantments, unstealthy
A: retaliatory headbutt, horns 2
a: no special abilities


You were on level 9 of the Dungeon.
You were not hungry.

You visited 1 branch of the dungeon, and saw 9 of its levels.

You collected 366 gold pieces.

Inventory:

Hand Weapons
 a - a +2 long sword of holy wrath (weapon)
 b - a +1 hand crossbow
 f - a +0 dagger
 w - a +0 short sword
Missiles
 d - 59 bolts
 s - 22 bolts of frost
Armour
 c - a +0 leather armour
 p - a cursed +0 pair of gloves (worn)
 r - a +1 cloak (worn)
 B - the +3 leather armour "Yscherew" (worn) {rN+ Stlth+}
   (You found it on level 5 of the Dungeon)

   It protects you from negative energy.
   It makes you more stealthy.
Jewellery
 g - a ring of protection from fire (left hand)
 m - an amulet of the gourmand (around neck)
 M - an uncursed amulet of resist mutation {unknown}
Wands
 x - a wand of slowing (19)
 Q - a wand of magic darts (22)
Scrolls
 i - a scroll of enchant weapon
 j - 3 scrolls of teleportation
 k - 3 scrolls of remove curse {unknown}
 l - 3 scrolls of blinking {unknown}
 n - a scroll of identify
 y - 4 scrolls of enchant armour {unknown}
 A - 3 scrolls of fog {unknown}
 E - 2 scrolls of summoning {unknown}
Potions
 o - a potion of brilliance {unknown}
 u - 2 potions of heal wounds {unknown}
 v - 3 potions of magic {unknown}
 C - 2 potions of cure mutation {unknown}
 D - a potion of mutation
 F - 5 potions of curing {unknown}
 I - a potion of lignification
 K - a potion of might
 L - a potion of flight
 N - a potion of berserk rage
Books
 G - a Fen Folio

   Spells                             Type                      Level
   a - Corpse Rot                     Necromancy                   2
   b - Stone Arrow                    Conjuration/Earth            3
   c - Leda's Liquefaction            Hexes/Earth                  4
   d - Summon Forest                  Summoning/Translocation      5
   e - Hydra Form                     Transmutation                6
   f - Summon Hydra                   Summoning                    7
Comestibles
 e - 8 bread rations
 h - 4 beef jerkies
 z - 6 fruits
 H - 5 meat rations
 O - 10 royal jellies


   Skills:
 + Level 8.3 Fighting
 * Level 10.4 Long Blades
 * Level 11.0 Crossbows
 - Level 2.1 Dodging
 - Level 0.7 Stealth


You had 9 spell levels left.
You didn't know any spells.

Dungeon Overview and Level Annotations

Branches:
Dungeon (9/15)             Temple (0/1) D:4
   Lair: D:8-11         Orc: D:9-12

Altars:
Ashenzari
Elyvilon
Fedhas
Kikubaaqudgha
Sif Muna
Vehumet
Zin
The Shining One

Shops:
D:5 (   D:7 [


Innate Abilities, Weirdness & Mutations

You reflexively headbutt those who attack you in melee.
You have a pair of horns on your head.


Message History

The troll claws you.
You closely miss the troll.
The troll is heavily wounded.
The troll bites you! The troll claws you. The troll claws you!
* * * LOW HITPOINT WARNING * * *
You hit the troll. You headbutt the troll.
The troll is severely wounded.
You hit the troll.
The troll is severely wounded.
The troll bites you but does no damage. The troll claws you.
* * * LOW HITPOINT WARNING * * *
The troll misses you.
You barely miss the troll.
The troll is severely wounded.
The troll bites you.
* * * LOW HITPOINT WARNING * * *
The troll claws you.
* * * LOW HITPOINT WARNING * * *
The troll claws you!
You die... .........###'##.... oo...

....................
.....
..............(.....
.....
....................
.....
...........#######..
##### .(########.# .
#.... #.# #.... #T#
....#.... #@# #....#....
#.# #...##.... #.#
'...#.....
#.#######...#...(.
#######...........######
........................
......<......)).........
.............)......###+
....................'...


You could see a troll.

Vanquished Creatures
  Prince Ribbit (D:5)
  Sigmund (D:6)
  2 hungry ghosts
  A hippogriff (D:6)
  Duvessa (D:7)
  A phantom (D:4)
  An orc warrior (D:7)
  2 black bears
  A necrophage (D:7)
  4 sky beasts
  4 ogres
  2 centaurs
  4 giant frogs
  The ghost of meatme the Skirmisher, a weakling OgBe of Trog (D:3)
  2 water moccasin zombies
  Dowan (D:7)
  A scorpion (D:6)
  6 jellies
  A crimson imp (D:6)
  A giant frog zombie (D:5)
  5 orc priests
  2 quasits
  A giant frog skeleton (D:5)
  A centaur skeleton (D:5)
  3 hounds
  2 iguanas
  A killer bee zombie (D:5)
  6 orc wizards
  5 worker ants
  A hound skeleton (D:5)
  7 gnolls
  9 adders
  A shadow imp (D:7)
  6 oozes
  3 worms
  5 giant geckos
  34 orcs
  A ball python (D:4)
  6 giant cockroaches
  7 goblins
  7 hobgoblins
  9 jackals (D:6)
  9 kobolds
  2 quokkas
  5 bats
  2 giant cockroach zombies (D:6)
  2 giant gecko skeletons (D:7)
  A quokka zombie (D:8)
  12 rats
193 creatures vanquished.

Vanquished Creatures (others)
  A quokka (D:8)
1 creature vanquished.

Grand Total: 194 creatures vanquished

Notes
Turn   | Place    | Note
--------------------------------------------------------------
     0 | D:1      | rgaf the Minotaur Hunter began the quest for the Orb.
     0 | D:1      | Reached XP level 1. HP: 18/18 MP: 0/0
   299 | D:1      | Reached XP level 2. HP: 22/25 MP: 1/1
   851 | D:2      | Found a glowing silver altar of Zin.
   855 | D:2      | Reached skill level 5 in Crossbows
   973 | D:2      | Reached XP level 3. HP: 15/31 MP: 2/2
  2084 | D:3      | Noticed meatme's ghost (weakling OgBe)
  2098 | D:3      | Killed meatme's ghost
  2098 | D:3      | Reached skill level 1 in Long Blades
  2098 | D:3      | Reached XP level 4. HP: 25/40 MP: 3/3
  2185 | D:3      | Found a radiant altar of Vehumet.
  2438 | D:4      | Reached XP level 5. HP: 16/46 MP: 4/4
  2968 | D:4      | Reached skill level 6 in Crossbows
  3257 | D:4      | Found a staircase to the Ecumenical Temple.
  3351 | D:4      | Reached XP level 6. HP: 47/53 MP: 5/5
  3424 | D:4      | Noticed a phantom
  3430 | D:4      | Killed a phantom
  3571 | D:5      | Entered Level 5 of the Dungeon
  3598 | D:5      | Found Afrodyel's Weapon Emporium.
  3600 | D:5      | Got an ancient leather armour
  3611 | D:5      | Identified the +3 leather armour "Yscherew" {rN+ Stlth+} (You found it on level 5 of the Dungeon)
  3664 | D:5      | Reached skill level 7 in Crossbows
  3666 | D:5      | Reached XP level 7. HP: 22/60 MP: 6/6
  3784 | D:5      | Reached skill level 5 in Fighting
  4044 | D:5      | Reached skill level 5 in Long Blades
  4072 | D:5      | Found a shattered altar of Ashenzari.
  4173 | D:5      | Noticed Prince Ribbit
  4234 | D:5      | Killed Prince Ribbit
  4234 | D:5      | Reached skill level 8 in Crossbows
  4364 | D:6      | Noticed Sigmund
  4371 | D:6      | Killed Sigmund
  4371 | D:6      | Reached XP level 8. HP: 62/70 MP: 7/7
  4774 | D:6      | Reached skill level 9 in Crossbows
  5396 | D:6      | Reached XP level 9. HP: 67/78 MP: 8/8
  5554 | D:7      | Found Lutefa's Antique Armour Shoppe.
  5686 | D:7      | Found a glowing golden altar of the Shining One.
  5831 | D:7      | Noticed Dowan
  5834 | D:7      | Noticed Duvessa
  5838 | D:7      | Killed Dowan
  5849 | D:7      | Killed Duvessa
  6087 | D:7      | Reached skill level 10 in Crossbows
  6243 | D:7      | Found a deep blue altar of Sif Muna.
  6972 | D:8      | Found an ancient bone altar of Kikubaaqudgha.
  6987 | D:8      | Noticed a white ugly thing
  7597 | D:8      | Reached skill level 10 in Long Blades
  8027 | D:8      | Found a white marble altar of Elyvilon.
  8074 | D:8      | Found a blossoming altar of Fedhas.
  8499 | D:9      | Reached skill level 11 in Crossbows
  8499 | D:9      | Reached XP level 10. HP: 76/88 MP: 9/9
  8531 | D:9      | Slain by a troll

Action                   |  1- 3 |  4- 6 |  7- 9 | 10-12 || total
-------------------------+-------+-------+-------+-------++-------
Melee: Short sword       |   102 |       |       |       ||   102
       Long sword        |    10 |    96 |   398 |    15 ||   519
 Fire: Hand crossbow     |     5 |     7 |    18 |       ||    30
  Use: Scroll            |       |       |    12 |       ||    12
 Stab: Sleeping          |     1 |     1 |     9 |       ||    11
  Eat: Chunk             |     4 |     6 |    16 |       ||    26
       Beef jerky        |     2 |       |       |       ||     2
       Fruit             |       |       |     2 |       ||     2
